 Dungeon Crawl Stone Soup version 0.30-a0-360-g447f08457e (webtiles) character file.

Game seed: 15268929339645561963

342110 RascalDebosk the Sorcerer (level 23, -6/196 HPs)
             Began as a Djinni Conjurer on Nov 12, 2022.
             Was an Elder of Ashenzari.
             Mangled by a vault guard
             ... wielding a +2 war axe
              (10 damage)
             ... while paralysed by a floating eye
             ... on level 5 of the Vaults on Nov 13, 2022.
             The game lasted 10:42:59 (43247 turns).

RascalDebosk the Sorcerer (Djinni Conjurer)        Turns: 43247, Time: 10:42:59

Health: -6/196     AC: 15    Str: 13    XL:     23   Next: 2%
Gold:   3518       EV:  2    Int: 39    God:    Ashenzari [****..] SH:  0 Dex: 21

rFire   + + +      SeeInvis +    I - +4 dagger "Asceticism of Ashenzari" {drain, Drain rC+++ Str+4, Melee, Self} (curse)
rCold   + + +      Faith    .    g - +1 kite shield {reflect}
rNeg    + . .      Spirit   .    L - +4 troll leather armour "Gloom of Ashenzari" {Regen+, Cun, Self} (curse)
rPois   ∞          Reflect  +    K - -2 hat of the Alchemist {rElec rPois rF+ rC+ rN+ Will+ rMut rCorr, Evo, Self} (curse)
rElec   +          Harm     .    b - +4 cloak "Bound Secrets" {Contam rPois SInv Stlth+, Fort, Self} (curse)
rCorr   +          Rampage  .    a - +2 pair of gloves of the Bound Loss {Melee, Self} (curse)
rMut    +          Clarity  +    (boots unavailable)
Will    +++..                    u - amulet "Gaze Upon Infinity" {Reflect SH+5, Self, Fort} (curse)
Stlth   +++.......               Y - ring "Hipeogibo" {Drain Fly Str+3 Int+4 Dex+4}
HPRegen 1.32/turn                p - ring of the Failed Coup {Wiz Int+6 Dex+3 Slay-4}
MPRegen 0.00/turn

@: paralysed, flying
A: sickness immunity, fire resistance 2, cold vulnerability 1, float, innate
caster, HP casting, extra vitality 1
}: 2/15 runes: serpentine, barnacled
a: Renounce Religion, Curse Item, Shatter the Chains


You were on level 5 of the Vaults.
You worshipped Ashenzari.
Ashenzari was greatly pleased with you.
You visited 7 branches of the dungeon, and saw 36 of its levels.
You also visited: Gauntlet, Ice Cave and Wizlab.

You collected 5385 gold pieces.
You spent 1867 gold pieces at shops.

Inventory:

Hand Weapons
 A - a +1 demon blade of electrocution
 I - the cursed +4 dagger "Asceticism of Ashenzari" (weapon) {drain, Drain rC+++ Str+4, Melee, Self}
   (You found it on level 8 of the Dungeon)

   A truly terrible weapon, it drains the life of any living foe it strikes.
   Str:       It affects your strength (+4).
   rC:        It renders you almost immune to cold.
   Drain:     It drains your maximum health when unequipped.
   It has a curse which improves the following skills: Melee Combat: Short
   Blades, Long Blades, Axes, Maces & Flails, Polearms, Staves and Unarmed
   Combat.
   Introspection: Fighting and Spellcasting.
Missiles
 H - 7 throwing nets {@!f}
Armour
 a - the cursed +2 pair of gloves of the Bound Loss (worn) {Melee, Self}
   (You found it on level 10 of the Dungeon)

   It has a curse which improves the following skills: Melee Combat: Short
   Blades, Long Blades, Axes, Maces & Flails, Polearms, Staves and Unarmed
   Combat.
   Introspection: Fighting and Spellcasting.
 b - the cursed +4 cloak "Bound Secrets" (worn) {Contam rPois SInv Stlth+, Fort, Self}
   (You found it in a Gauntlet)

   rPois:     It protects you from poison.
   SInv:      It lets you see invisible.
   Contam:    It causes magical contamination when unequipped.
   Stlth:     It makes you more stealthy.
   It has a curse which improves the following skills: Fortitude: Armour and
   Shields.
   Introspection: Fighting and Spellcasting.
 g - a +1 kite shield of reflection (worn)
 K - the cursed -2 hat of the Alchemist (worn) {rElec rPois rF+ rC+ rN+ Will+ rMut rCorr, Evo, Self}
   (You found it in a wizard's laboratory)

   rF:        It protects you from fire.
   rC:        It protects you from cold.
   rElec:     It insulates you from electricity.
   rPois:     It protects you from poison.
   rN:        It protects you from negative energy.
   rCorr:     It protects you from acid and corrosion.
   rMut:      It protects you from mutation.
   Will:      It increases your willpower.
   It has a curse which improves the following skills: Evocations: Evocations.
   Introspection: Fighting and Spellcasting.
 L - the cursed +4 troll leather armour "Gloom of Ashenzari" (worn) {Regen+, Cun, Self}
   (You found it on level 9 of the Dungeon)

   Regen:     It increases your rate of health regeneration.
   It has a curse which improves the following skills: Cunning: Dodging and
   Stealth.
   Introspection: Fighting and Spellcasting.
Jewellery
 p - the ring of the Failed Coup (right hand) {Wiz Int+6 Dex+3 Slay-4}
   (You found it on level 4 of the Shoals)

   [ring of wizardry]

   It improves your spell success rate.
   Int:       It affects your intelligence (+6).
   Dex:       It affects your dexterity (+3).
   Slay:      It affects your accuracy & damage with ranged weapons and melee
   (-4).
 u - the cursed amulet "Gaze Upon Infinity" (around neck) {Reflect SH+5, Self, Fort}
   (You found it on level 12 of the Dungeon)

   [amulet of reflection]

   It reflects blocked missile attacks.
   SH:        It affects your SH (+5).
   It has a curse which improves the following skills: Introspection: Fighting
   and Spellcasting.
   Fortitude: Armour and Shields.
 Y - the ring "Hipeogibo" (left hand) {Drain Fly Str+3 Int+4 Dex+4}
   (You found it on level 3 of the Shoals)

   [ring of flight]

   Str:       It affects your strength (+3).
   Int:       It affects your intelligence (+4).
   Dex:       It affects your dexterity (+4).
   Fly:       It grants you flight.
   Drain:     It drains your maximum health when unequipped.
Wands
 c - a wand of quicksilver (25)
 o - a wand of flame (40)
 q - a wand of polymorph (10)
 C - a wand of mindburst (7)
 J - a wand of iceblast (32)
 P - a wand of charming (13)
Scrolls
 f - 8 scrolls of vulnerability
 h - 3 scrolls of poison
 n - 3 scrolls of fear
 r - 3 scrolls of butterflies
 t - 8 scrolls of teleportation
 w - 3 scrolls of enchant weapon
 y - 4 scrolls of immolation
 E - 5 scrolls of summoning
 M - 2 scrolls of magic mapping
 R - 2 scrolls of silence
 U - 2 scrolls of brand weapon
Potions
 d - 6 potions of might
 e - 5 potions of berserk rage
 i - 4 potions of resistance
 j - 3 potions of ambrosia
 k - 15 potions of curing
 l - 5 potions of attraction
 s - 2 potions of cancellation
 v - 8 potions of haste
 x - 23 potions of mutation
 z - a potion of invisibility
 G - 8 potions of lignification
 N - 6 potions of brilliance
Miscellaneous
 m - a phantom mirror
 B - a box of beasts
 F - a phial of floods
 V - a condenser vane


   Skills:
 + Level 19.6(25.6) Fighting
 - Level 7.9(11.1) Short Blades
 - Level 3.2(7.7) Long Blades
 - Level 3.2(5.8) Armour
 - Level 12.1(14.0) Dodging
 - Level 1.5(2.9) Stealth
 - Level 11.6(14.5) Shields
 * Level 21.7(27) Spellcasting
 + Level 7.8(9.8) Evocations


You had 8 spell levels left.
You knew the following spells:

 Your Spells              Type           Power      Damage    Failure   Level
a - Magic Dart            Conj           100%       1d8       0%          1
b - Searing Ray           Conj           100%       2d8       0%          2
c - Dazzling Flash        Conj/Hex       100%       N/A       0%          3
d - Fulminant Prism       Conj/Hex       66%        3d28      0%          4
e - Iskenderun's Mystic   Conj/Tloc      100%       2d19      0%          4
f - Necrotise             Necr           100%       1d9       0%          1
g - Call Imp              Summ           100%       N/A       0%          2
h - Ensorcelled Hibernat  Hex/Ice        100%       N/A       0%          2
i - Call Canine Familiar  Summ           100%       N/A       0%          3
j - Lee's Rapid Deconstr  Erth           66%        3d30*     0%          5
k - Metabolic Englaciati  Hex/Ice        66%        N/A       0%          5
l - Death Channel         Necr           66%        N/A       0%          6
m - Orb of Destruction    Conj           66%        9d16      0%          7
n - Haunt                 Necr/Summ      66%        N/A       0%          7
o - Lehudib's Crystal Sp  Conj/Erth      66%        10d15     1%          8
p - Maxwell's Capacitive  Air            66%        ∞         1%          8
Your spell library was empty.

Dungeon Overview and Level Annotations

Branches:
Dungeon (15/15)            Temple (1/1) D:6            Lair (5/5) D:11
 Shoals (4/4) Lair:2        Snake (4/4) Lair:2        Slime (0/5) Lair:5
    Orc (2/2) D:10            Elf (0/3) Orc:2        Vaults (5/5) D:14
  Crypt (0/3) Vaults:2     Depths (0/4) D:15          IceCv (visited)
 WizLab (visited)         Gauntlet (visited)

Altars:
Ashenzari
Cheibriados
Dithmenos
Elyvilon
Fedhas
Gozag
Hepliaklqana
Makhleb
Nemelex Xobeh
Okawaru
Qazlal
Ru
Trog
Uskayaw
Wu Jian
Xom
Yredelemnul
Zin
The Shining One

Shops:
D:8 !=   Orc:2 [!(=?   Shoals:1 !*   Snake:2 (   Vaults:1 [   Vaults:2 [

Annotations:
Lair:2 2 transporters, Faocaxoob's ghost, journeyman MiBe
Shoals:2 3 runed translucent doors, 7 exclusions, themarg's ghost, adept AtFi
Snake:3 1 exclusion
Vaults:1 1 exclusion
Vaults:2 1 exclusion


Innate Abilities, Weirdness & Mutations

You are immune to sickness and miasma.
You are immune to poison.
Your flesh is very heat resistant. (rF++)
You are vulnerable to cold. (rC-)
You float through the air rather than walking.
You learn spells naturally, not from books.
Your magical power is your life essence.
You have superior vitality. (+4 MHP)


Message History

The mystic blast hits the vault guard!!
The vault guard is almost dead.
The vault guard is knocked back by the mystic blast.
The vault guard slams into the granite statue!
You kill the vault guard!
The mystic blast hits the vault guard!
The vault guard is severely wounded.
The vault guard is knocked back by the mystic blast.
The vault guard slams into the metal wall!
The vault guard is almost dead.
The mystic blast hits the vault guard.
The vault guard is heavily wounded.
The vault guard is knocked back by the mystic blast.
The vault guard slams into the metal wall!
The vault guard is severely wounded.
The mystic blast hits the vault guard!!
The vault guard is almost dead.
The mystic blast hits the vault guard but does no damage.
The vault guard is moderately wounded.
The mystic blast hits the vault guard!!
The vault guard is almost dead.
The vault guard is knocked back by the mystic blast.
The vault guard slams into the metal wall!
You kill the vault guard!
You block the vault guard's attack. x2
Casting: Iskenderun's Mystic Blast (safe; 0% risk of failure)
Confirm with . or Enter, or press ? or * to list all spells.
You erupt in a blast of force!
The mystic blast hits the vault guard!!
You kill the vault guard!
The mystic blast hits the vault guard!
You kill the vault guard!
The mystic blast hits the vault guard.
The vault guard is almost dead.
The vault guard is knocked back by the mystic blast.
The vault guard slams into the metal wall!
You kill the vault guard!
The mystic blast hits the vault guard!!
The vault guard is severely wounded.
The vault guard is knocked back by the mystic blast.
The vault guard slams into the metal wall!
The vault guard is severely wounded.
You have reached level 23!
The power to cast Maxwell's Capacitive Coupling wells up from within.
Spell assigned to 'p'.
Casting: Iskenderun's Mystic Blast (safe; 0% risk of failure)
Confirm with . or Enter, or press ? or * to list all spells.
You erupt in a blast of force!
The mystic blast hits the vault guard!!
You kill the vault guard!
You start resting.
HP restored.
You fly downwards.
The floating eye gazes piercingly through you!
You suddenly lose the ability to move!
The vault guard barely misses you.
The vault guard hits you with a +0 war axe.
The vault guard hits you with a +2 war axe.
The vault guard hits you but does no damage.
The vault guard hits you with a +0 long sword!
The vault guard hits you with a +0 great sword.
The vault guard hits you with a +0 battleaxe!!
The vault guard hits you with a +0 long sword!
The titan waves its arms in wide circles.
The air twists around and strikes you.
The vault guard hits you with a +2 war axe!
The vault guard hits you with a +0 war axe.
The vault guard hits you but does no damage. x2
The vault guard hits you with a +0 great sword.
The vault guard hits you with a +0 long sword!
The vault sentinel blows a loud note on a signal horn!
The vault guard hits you with a +0 war axe!
The vault guard hits you from afar with a +0 bardiche.
The vault guard hits you with a +2 war axe!
* * * LOW HITPOINT WARNING * * *
The vault guard hits you with a +0 battleaxe!
* * * LOW HITPOINT WARNING * * *
The vault guard hits you from afar with a +2 vorpal bardiche!
* * * LOW HITPOINT WARNING * * *
* * * LOW HITPOINT WARNING * * *
The vault guard hits you with a +0 long sword.
* * * LOW HITPOINT WARNING * * *
The vault guard hits you with a +0 great sword.
* * * LOW HITPOINT WARNING * * *
The vault guard hits you but does no damage.
You hear a shout! x12; You hear two shouts! x4; You hear a shout! x2
You hear an angry hiss.
You hear a shout! x6
The vault guard hits you with a +0 long sword!
* * * LOW HITPOINT WARNING * * *
The vault guard hits you from afar with a +2 vorpal bardiche!
* * * LOW HITPOINT WARNING * * *
* * * LOW HITPOINT WARNING * * *
The vault guard hits you with a +0 war axe.
* * * LOW HITPOINT WARNING * * *
The vault guard hits you with a +0 war axe.
* * * LOW HITPOINT WARNING * * *
The vault guard hits you with a +0 long sword.
* * * LOW HITPOINT WARNING * * *
The vault guard hits you with a +0 great sword!
* * * LOW HITPOINT WARNING * * *
The vault guard barely misses you.
The vault guard hits you with a +2 war axe!
You die...

, * , ,, , *****, *
,, , ***#.
#....#..... ,, ,*
,, , ...#....#....,
,,, , ...#....#...,
* , , ..........c ,
* *##.......C#####
** *
,,......p.......[ ,
,
,,,,....ppppp......
, ,,
....ppp@pp...$. ,,
,, ,
,.....eGpp...... ,,
, * *
*##....pp.p##### *
*** **,...p........
** * , , ,
,...#....#.###, , *
* , ,.. #....#+#, ,
, * , . #....#* ,
,,, , , ,,,
*#....#*, , ,, ,,
,, ** * , , , , , ,


You could see an ironbound preserver, a titan, a yaktaur captain, 15 vault
guards, a vault sentinel, a deep elf high priest and a floating eye.

Vanquished Creatures
  Mara (Snake:3)
  Sojobo (Vaults:2)
  Bai Suzhen (Shoals:3)
  Saint Roka (Snake:4)
  Vashnia (Snake:3)
  Rupert (D:12)
  4 sphinxes
  Asterion (Vaults:1)
  2 krakens
  An ancient champion (Vaults:2)
  Polyphemus (Shoals:2)
  Agnes (Vaults:2)
  4 nagarajas
  Donald (Vaults:1)
  2 frost giants
  6 vault wardens
  Aizul (Snake:3)
  A curse skull (Vaults:2)
  3 ironbound thunderhulks
  4 war gargoyles
  A stone giant (Vaults:4)
  11 ironbound preservers
  6 very ugly things
  A vampire knight (Vaults:2)
  Nessos (Lair:4)
  3 minotaurs
  6 dire elephants
  A crystal guardian (Vaults:4)
  A merfolk impaler (Shoals:3)
  6 yaktaur captains
  4 great orbs of eyes
  An entropy weaver (Vaults:4)
  10 vault guards
  Fannar (Lair:2)
  An ice dragon (Lair:4)
  5 hydras
  2 rakshasas (D:15)
  2 salamander tyrants
  11 centaur warriors
  An alligator snapping turtle (Shoals:4)
  4 boulder beetles
  4 peacekeepers
  An anaconda (shapeshifter) (WizLab)
  7 ironbound frosthearts
  A catoblepas (Shoals:2)
  Erica (Orc:1)
  4 anacondas
  2 merfolk avatars
  2 dancing weapons (D:14)
  2 two-headed ogres (D:12)
  A merfolk aquamancer (Shoals:1)
  15 naga warriors
  5 death yaks
  6 satyrs (Shoals:4)
  Urug (Lair:2)
  11 naga sharpshooters
  5 orc high priests (Orc:2)
  7 shock serpents
  A soul eater (Vaults:2)
  A fire crab (shapeshifter) (WizLab)
  A salamander mystic (Snake:4)
  A sea snake (shapeshifter) (Vaults:3)
  Lodul (D:14)
  A kraken simulacrum (Shoals:3)
  38 deep trolls
  A lindwurm (shapeshifter) (WizLab)
  A flayed ghost (Vaults:4)
  9 naga ritualists
  2 glowing orange brains
  5 wizards
  7 ironbound convokers
  11 sea snakes
  5 lindwurms
  28 harpies
  2 orc knights (Orc:1)
  2 deep elf pyromancers (D:12)
  A mana viper (shapeshifter) (WizLab)
  29 ugly things
  18 manticores
  4 orc sorcerers
  3 oklob plants
  9 fauns
  8 mana vipers
  8 salamanders
  11 large abominations
  10 cyclopes
  A salamander (shapeshifter) (WizLab)
  14 elephants
  A guardian serpent (shapeshifter) (WizLab)
  35 black mambas
  6 merfolk sirens
  9 naga magi
  Joseph (D:7)
  2 ice statues (IceCv)
  2 black mambas (shapeshifter) (WizLab)
  10 guardian serpents
  16 vault sentinels
  17 cane toads
  3 gargoyles
  A torpor snail (Lair:3)
  3 water nymphs
  3 kobold demonologists
  Maggie (D:6)
  2 komodo dragons (shapeshifter) (WizLab)
  6 rime drakes
  2 rime drakes (shapeshifter)
  10 komodo dragons
  A yaktaur (shapeshifter) (WizLab)
  20 yaktaurs
  An anaconda simulacrum (IceCv)
  A troll (shapeshifter) (WizLab)
  A wolf spider simulacrum (Gauntlet)
  9 wind drakes
  A hornet (shapeshifter) (WizLab)
  3 meliai (D:13)
  4 polar bears
  15 merfolk
  A queen bee (shapeshifter) (WizLab)
  15 trolls
  A wind drake (shapeshifter) (WizLab)
  42 slime creatures
  A blink frog (Lair:5)
  A hornet (Lair:5)
  Grinder (D:6)
  3 dream sheep (Shoals:4)
  5 snapping turtles
  A culicivora (shapeshifter) (WizLab)
  A jumping spider (shapeshifter) (WizLab)
  A shadow (D:11)
  5 centaur simulacra
  4 wraiths
  2 humans (shapeshifter) (WizLab)
  4 water elementals
  46 yaks
  2 vampires (D:13)
  6 wyverns
  6 basilisks
  2 alligator snapping turtle simulacra (Shoals:3)
  A steam dragon (Lair:5)
  3 sea snake simulacra (Shoals:3)
  An iron golem (WizLab)
  A redback (shapeshifter) (WizLab)
  2 death yak simulacra (Lair:1)
  Menkaure (D:4)
  3 wargs
  A redback simulacrum (D:15)
  12 vampire mosquitoes
  3 harpy simulacra
  39 nagas
  3 acid dragons
  13 water moccasins
  6 ice beasts
  Duvessa (D:6)
  A floating eye (WizLab)
  27 orc warriors
  A meliai simulacrum (Gauntlet)
  9 black bears
  A sky beast (D:7)
  3 satyr simulacra (Shoals:3)
  7 wolves
  A tengu (shapeshifter) (WizLab)
  11 boggarts
  11 centaurs
  9 ogres
  A phantom (D:4)
  4 kobold brigands
  4 gnoll sergeants
  10 bullfrogs
  4 scorpions
  3 merfolk simulacra (Shoals:3)
  3 faun simulacra (Shoals:3)
  A hornet simulacrum (D:15)
  5 wights (D:7)
  Dowan (D:6)
  A snapping turtle simulacrum (Shoals:3)
  18 killer bees
  2 elephant simulacra
  A manticore simulacrum (Shoals:3)
  A vampire bat (Lair:2)
  An electric eel (D:15)
  3 howler monkeys
  A jelly (D:4)
  4 hounds
  26 orc priests
  A gnoll bouda (D:8)
  4 cyclops simulacra (Shoals:3)
  Terence (D:2)
  An iguana (D:6)
  34 orc wizards
  A polar bear simulacrum (Lair:1)
  A wolf simulacrum (IceCv)
  13 small abominations
  A boggart simulacrum (D:15)
  18 gnolls
  4 adders
  10 white imps
  3 ufetubi
  5 worms
  71 orcs
  7 ball pythons
  7 endoplasms
  3 giant cockroaches
  6 goblins
  4 hobgoblins
  15 kobolds
  8 quokkas
  9 bats
  3 frilled lizards
  6 rats
  A spectral orc (D:8)
  3 tentacles
1266 creatures vanquished.

Vanquished Creatures (collateral kills)
  A mutant beast (WizLab)
  Jorgrun (Shoals:1)
  3 sphinxes
  An ancient champion (Vaults:2)
  A kraken (Shoals:4)
  2 nagarajas (Snake:4)
  A vault warden (Vaults:2)
  4 ironbound preservers
  3 very ugly things (WizLab)
  An ironbound thunderhulk (Vaults:4)
  4 dire elephants (Vaults:3)
  Josephine (Orc:1)
  A merfolk impaler (Shoals:4)
  2 salamander tyrants (Snake:4)
  A great orb of eyes (Vaults:4)
  A hydra (Lair:5)
  3 centaur warriors
  An anaconda (Snake:3)
  An ironbound frostheart (Vaults:4)
  A merfolk avatar (Shoals:3)
  An alligator snapping turtle (Shoals:4)
  A satyr (Shoals:4)
  4 naga warriors
  5 naga sharpshooters
  2 shock serpents
  A fire crab (shapeshifter) (WizLab)
  A salamander mystic (Snake:4)
  9 deep trolls
  A lindwurm (Vaults:4)
  5 sea snakes
  2 ironbound convokers
  4 wizards
  A large abomination (WizLab)
  12 harpies
  4 mana vipers
  4 manticores
  8 ugly things
  A cyclops (D:15)
  6 fauns
  6 merfolk sirens
  4 guardian serpents (Snake:4)
  5 salamanders
  A vault sentinel (Vaults:4)
  A water nymph (Shoals:1)
  9 naga magi
  9 black mambas
  A komodo dragon (shapeshifter) (WizLab)
  An unseen horror (shapeshifter) (WizLab)
  A yaktaur (shapeshifter) (WizLab)
  14 yaktaurs
  A freezing wraith (Vaults:3)
  A komodo dragon (Lair:3)
  2 polar bears (D:15)
  3 merfolk
  7 snapping turtles
  6 slime creatures
  3 water elementals
  2 wraiths (Orc:1)
  3 yaks
  A human (shapeshifter) (WizLab)
  An alligator snapping turtle simulacrum (Shoals:3)
  11 nagas
  3 floating eyes (WizLab)
  An ice beast (D:15)
  An orc warrior (D:6)
  A sky beast (D:6)
  3 ogres (D:14)
  A hound (D:6)
  A gnoll (Orc:2)
  A plant (Shoals:2)
  A tentacle (Shoals:4)
212 creatures vanquished.

Vanquished Creatures (others)
  A black mamba (shapeshifter) (WizLab)
  A naga (Snake:4)
  2 orcs
  137 fulminant prisms
  24 fungi
  117 plants
  22 tentacles
304 creatures vanquished.

Grand Total: 1782 creatures vanquished

Notes
Turn   | Place    | Note
-------+----------+-------------------------------------------
     0 | D:1      | RascalDebosk the Djinni Conjurer began the quest for the
                  | Orb.
     0 | D:1      | RascalDebosk set off with the following spells memorised:
                  | Magic Dart, Searing Ray, Dazzling Flash, Fulminant Prism,
                  | Iskenderun's Mystic Blast.
     0 | D:1      | Reached XP level 1. HP: 15/15 MP: 0/0
    54 | D:1      | Reached XP level 2. HP: 18/21 MP: 0/0
   367 | D:1      | Reached XP level 3. HP: 24/25 MP: 0/0
   367 | D:1      | Learned a level 1 spell: Necrotise
   837 | D:2      | Noticed Terence
   843 | D:2      | Killed Terence
   844 | D:2      | Reached skill level 4 in Spellcasting
   844 | D:2      | Reached XP level 4. HP: 25/31 MP: 0/0
  1850 | D:3      | Reached XP level 5. HP: 31/35 MP: 0/0
  1850 | D:3      | Learned a level 2 spell: Call Imp
  1920 | D:3      | Reached skill level 5 in Spellcasting
  2160 | D:4      | Found a blossoming altar of Fedhas.
  2214 | D:4      | Found Guptug's Magic Scroll Shoppe.
  2229 | D:4      | Noticed a black bear
  2234 | D:4      | Killed a black bear
  2235 | D:4      | Reached skill level 1 in Fighting
  2235 | D:4      | Reached skill level 1 in Evocations
  2235 | D:4      | Reached XP level 6. HP: 12/42 MP: 0/0
  2354 | D:4      | Bought a scroll of teleportation for 30 gold pieces
  2354 | D:4      | Bought a scroll of blinking for 75 gold pieces
  2649 | D:4      | Reached XP level 7. HP: 30/49 MP: 0/0
  2649 | D:4      | Learned a level 2 spell: Ensorcelled Hibernation
  2657 | D:4      | Noticed Menkaure
  2663 | D:4      | HP: 1/49 [Menkaure/nerve-wracking pain (13)]
  2664 | D:4      | Killed Menkaure
  2938 | D:4      | Reached skill level 6 in Spellcasting
  3294 | D:5      | Entered Level 5 of the Dungeon
  3498 | D:5      | Reached XP level 8. HP: 51/56 MP: 0/0
  4574 | D:5      | Found a bloodstained altar of Trog.
  4575 | D:5      | Found an iron altar of Okawaru.
  4832 | D:6      | Noticed Grinder
  4845 | D:6      | Killed Grinder
  4856 | D:6      | Noticed Duvessa
  4858 | D:6      | Noticed Dowan
  5019 | D:6      | Killed Dowan
  5020 | D:6      | Reached skill level 7 in Spellcasting
  5022 | D:6      | Killed Duvessa
  5023 | D:6      | Reached XP level 9. HP: 40/63 MP: 0/0
  5023 | D:6      | Learned a level 3 spell: Call Canine Familiar
  5329 | D:6      | Found a staircase to the Ecumenical Temple.
  5350 | D:6      | Reached skill level 5 in Fighting
  5350 | D:6      | Reached skill level 5 in Evocations
  5423 | Temple   | Entered the Ecumenical Temple
  5427 | Temple   | Became a worshipper of Ashenzari the Shackled
  5439 | D:6      | Noticed Maggie
  5453 | D:6      | Killed Maggie
  5956 | D:4      | Bought a scroll of enchant armour for 75 gold pieces
  5956 | D:4      | Bought a scroll of enchant weapon for 75 gold pieces
  6029 | D:7      | Reached skill level 8 in Spellcasting
  6556 | D:7      | Noticed Joseph
  6568 | D:7      | Killed Joseph
  6569 | D:7      | Reached XP level 10. HP: 17/72 MP: 0/0
  7511 | D:8      | Reached skill level 5 in Dodging
  7747 | D:8      | Reached skill level 9 in Spellcasting
  7890 | D:8      | Reached skill level 1 in Long Blades
  8089 | D:8      | Found Zokhik's Distillery.
  8095 | D:8      | Identified the +4 dagger of Fury {drain, Drain rC+++ Str+4}
  8153 | D:8      | Found Cipaf's Jewellery Emporium.
  8322 | D:8      | Identified the +7 ring mail of the Stonemason {Int+7}
  8635 | D:8      | Found a basalt altar of Yredelemnul.
  8762 | D:9      | Reached XP level 11. HP: 47/79 MP: 0/0
  8762 | D:9      | Learned a level 5 spell: Lee's Rapid Deconstruction
  9311 | D:9      | Reached skill level 10 in Spellcasting
  9314 | D:9      | Reached skill level 1 in Short Blades
  9605 | D:9      | Noticed a soul eater
  9728 | D:9      | Noticed a wizard
  9739 | D:9      | Killed a wizard
  9836 | D:9      | Noticed a large abomination
  9836 | D:9      | Noticed a large abomination
  9840 | D:9      | Killed a large abomination
  9842 | D:9      | HP: 1/82 [large abomination (32)]
  9851 | D:9      | Killed a large abomination
 10079 | D:9      | Identified a scroll of acquirement
 10304 | D:9      | Acquired 938 gold pieces
 10389 | D:8      | Bought 2 potions of haste for 300 gold pieces
 10389 | D:8      | Bought a potion of curing for 45 gold pieces
 10389 | D:8      | Bought a potion of curing for 45 gold pieces
 10389 | D:8      | Bought a potion of resistance for 150 gold pieces
 10389 | D:8      | Bought a potion of brilliance for 60 gold pieces
 10480 | D:4      | Bought a scroll of summoning for 95 gold pieces
 10589 | D:10     | Entered Level 10 of the Dungeon
 10589 | D:10     | Found a staircase to the Orcish Mines.
 10856 | D:10     | Reached XP level 12. HP: 78/89 MP: 0/0
 11215 | D:10     | Reached skill level 11 in Spellcasting
 11438 | D:10     | Reached * piety under Ashenzari
 11571 | D:10     | Found a sparkling altar of Nemelex Xobeh.
 11726 | D:11     | Noticed a boulder beetle
 11742 | D:11     | Killed a boulder beetle
 12107 | D:11     | Found a staircase to the Lair.
 12288 | D:11     | Reached ** piety under Ashenzari
 12570 | D:12     | Noticed a two-headed ogre
 12574 | D:12     | Killed a two-headed ogre
 12599 | D:12     | Reached skill level 5 in Short Blades
 13008 | D:12     | Noticed an eight-headed hydra
 13011 | D:12     | Killed an eight-headed hydra
 13012 | D:12     | Reached skill level 10 in Fighting
 13012 | D:12     | Reached skill level 12 in Spellcasting
 13017 | D:12     | Reached XP level 13. HP: 67/102 MP: 0/0
 13017 | D:12     | Learned a level 5 spell: Metabolic Englaciation
 13129 | D:12     | Noticed Rupert
 13135 | D:12     | Killed Rupert
 13938 | D:13     | Reached *** piety under Ashenzari
 14110 | D:13     | Noticed a seven-headed hydra
 14117 | D:13     | Killed a seven-headed hydra
 14118 | D:13     | Reached skill level 13 in Spellcasting
 14362 | D:13     | Identified the +2 helmet of Complete Protection {Rampage
                  | rF- Will+}
 14680 | D:13     | Noticed a centaur warrior
 14682 | D:13     | Killed a centaur warrior
 15219 | Orc:1    | Entered Level 1 of the Orcish Mines
 15219 | Orc:1    | Noticed Erica
 15222 | Orc:1    | Killed Erica
 15223 | Orc:1    | Reached skill level 1 in Armour
 15226 | Orc:1    | Reached XP level 14. HP: 93/115 MP: 0/0
 15840 | Orc:1    | Reached **** piety under Ashenzari
 15868 | Orc:2    | Entered Level 2 of the Orcish Mines
 16173 | Orc:2    | Found Pyavoim's Magic Scroll Shoppe.
 16219 | Orc:1    | Noticed Josephine
 16230 | Orc:1    | Killed Josephine
 16799 | Orc:2    | Reached skill level 14 in Spellcasting
 17087 | Orc:2    | Bought a scroll of teleportation for 45 gold pieces
 17087 | Orc:2    | Bought a scroll of enchant armour for 112 gold pieces
 17406 | Orc:2    | Found Ixuasuen's Antique Armour Shoppe.
 17406 | Orc:2    | Found Abyus's Distillery.
 17407 | Orc:2    | Found Ifoa's Jewellery Emporium.
 17411 | Orc:2    | Found Pope Iro's Antique Weapon Emporium.
 17503 | Orc:2    | Found a staircase to the Elven Halls.
 17865 | Lair:1   | Entered Level 1 of the Lair of Beasts
 17949 | Lair:1   | Found a frozen archway.
 17970 | IceCv    | Entered an ice cave
 18191 | IceCv    | Found a transporter.
 18199 | IceCv    | Found a transporter.
 19544 | Lair:2   | Noticed Urug
 19547 | Lair:2   | Killed Urug
 19647 | Lair:2   | Reached XP level 15. HP: 117/127 MP: 0/0
 19647 | Lair:2   | Learned a level 6 spell: Death Channel
 19809 | Lair:2   | Found a staircase to the Shoals.
 20054 | Lair:2   | Noticed Faocaxoob's ghost (journeyman MiBe)
 20082 | Lair:2   | Found a transporter.
 20110 | Lair:2   | Found a bloodstained altar of Trog.
 20120 | Lair:2   | Found a transporter.
 20157 | Lair:2   | Noticed Fannar
 20163 | Lair:2   | Killed Fannar
 20286 | Lair:2   | Found a staircase to the Snake Pit.
 21745 | Lair:3   | Reached skill level 15 in Spellcasting
 22142 | Lair:4   | Found a gate leading to a gauntlet.
 22152 | Gauntlet | Entered a Gauntlet
 22152 | Gauntlet | Found the ring of Shadows {Umbra +Inv Stlth+}
 22152 | Gauntlet | Found a transporter.
 22152 | Gauntlet | Found a transporter.
 22153 | Gauntlet | Found a transporter.
 22156 | Gauntlet | Found a transporter.
 22156 | Gauntlet | Found a transporter.
 22157 | Gauntlet | Identified the +2 hat of Nocwan {Str+4 Int+4 SInv}
 22158 | Gauntlet | Found a large runed translucent door.
 22159 | Gauntlet | Found a large runed translucent door.
 22160 | Gauntlet | Found a large runed translucent door.
 22160 | Gauntlet | Found a large runed translucent door.
 22160 | Gauntlet | Found a runed translucent door.
 22160 | Gauntlet | Found a runed translucent door.
 22161 | Gauntlet | Found a large runed translucent door.
 22162 | Gauntlet | Found a large runed translucent door.
 22163 | Gauntlet | Found a large runed translucent door.
 22163 | Gauntlet | Found a large runed translucent door.
 22164 | Gauntlet | Found a runed translucent gate.
 22164 | Gauntlet | Found a runed translucent gate.
 22164 | Gauntlet | Found a runed translucent gate.
 22166 | Gauntlet | Found a transporter.
 22166 | Gauntlet | Identified the +4 cloak "Rist" {Contam rPois SInv Stlth+}
 22177 | Gauntlet | Found a large runed translucent door.
 22178 | Gauntlet | Found a large runed translucent door.
 22179 | Gauntlet | Found a large runed translucent door.
 22186 | Gauntlet | Found a large runed translucent door.
 22188 | Gauntlet | Found a large runed translucent door.
 22188 | Gauntlet | Found a large runed translucent door.
 22189 | Gauntlet | Found a large runed translucent door.
 22190 | Gauntlet | Found a large runed translucent door.
 22233 | Gauntlet | Found a transporter.
 22245 | Gauntlet | Found a transporter.
 22259 | Gauntlet | Found a transporter.
 22275 | Gauntlet | Found a transporter.
 22284 | Gauntlet | Found a transporter.
 22290 | Gauntlet | Found a transporter.
 22585 | Gauntlet | Identified the +1 acid dragon scales of Lies {rCorr Str+2}
 22776 | Lair:4   | Noticed Nessos
 22780 | Lair:4   | Killed Nessos
 23827 | Lair:5   | Entered Level 5 of the Lair of Beasts
 24513 | Lair:5   | Upgraded the game from 0.30-a0-359-gd0147acb1a to
                  | 0.30-a0-360-g447f08457e
 24592 | Lair:5   | Reached XP level 16. HP: 82/137 MP: 0/0
 25402 | Lair:5   | Found a staircase to the Slime Pits.
 25861 | Lair:5   | Identified Atram's Secrets of Toxins (You found it on level
                  | 9 of the Dungeon)
 26384 | Shoals:1 | Entered Level 1 of the Shoals
 26436 | Shoals:1 | Reached ***** piety under Ashenzari
 26442 | Shoals:1 | Found Nattivaf's Assorted Antiques.
 26820 | Shoals:1 | Reached skill level 1 in Shields
 27205 | Shoals:1 | Noticed a kraken
 27288 | Shoals:1 | Reached skill level 16 in Spellcasting
 27599 | Shoals:1 | Noticed Jorgrun
 27606 | Shoals:1 | Killed Jorgrun
 27645 | Shoals:1 | Found Ujotan's Distillery.
 27651 | Shoals:1 | Bought a potion of haste for 200 gold pieces
 27651 | Shoals:1 | Bought a potion of curing for 60 gold pieces
 27651 | Shoals:1 | Bought a potion of heal wounds for 100 gold pieces
 27651 | Shoals:1 | Bought a potion of brilliance for 80 gold pieces
 27651 | Shoals:1 | Bought a potion of heal wounds for 100 gold pieces
 27651 | Shoals:1 | Bought a potion of curing for 60 gold pieces
 27651 | Shoals:1 | Bought a potion of ambrosia for 160 gold pieces
 27678 | Shoals:1 | Killed a kraken
 28205 | Shoals:2 | Found a runed translucent gate.
 28211 | Shoals:2 | Found a runed translucent gate.
 28212 | Shoals:2 | Found a runed translucent gate.
 28213 | Shoals:2 | Noticed themarg's ghost (adept AtFi)
 28215 | Shoals:2 | Identified the +2 pair of gloves "Ywig" {Dex+10 Slay-6}
 28361 | Shoals:2 | Noticed Polyphemus
 28371 | Shoals:2 | Reached XP level 17. HP: 135/149 MP: 0/0
 28371 | Shoals:2 | Learned a level 7 spell: Orb of Destruction
 28385 | Shoals:2 | Killed Polyphemus
 28624 | Shoals:2 | Noticed a kraken
 28629 | Shoals:2 | Killed a kraken
 28798 | Shoals:3 | Reached skill level 5 in Shields
 29200 | Shoals:3 | Found a runed translucent gate.
 29200 | Shoals:3 | Identified the Collected Works on Alluring Death
 29201 | Shoals:3 | Found a runed translucent gate.
 29201 | Shoals:3 | Identified the ring "Hipeogibo" {Drain Fly Str+3 Int+4
                  | Dex+4}
 29202 | Shoals:3 | Found a runed translucent gate.
 29231 | Shoals:3 | Noticed Bai Suzhen
 29653 | Shoals:3 | Identified the +7 broad axe "Saont" {freeze, rPois rF+++
                  | Str+3 Dex-2}
 29723 | Shoals:3 | Killed Bai Suzhen
 29724 | Shoals:3 | Reached skill level 15 in Fighting
 29724 | Shoals:3 | Reached skill level 17 in Spellcasting
 29749 | Shoals:4 | Entered Level 4 of the Shoals
 29776 | Shoals:4 | Identified the +2 flail "Befuet" {spect, *Corrode Int+2
                  | Dex+10}
 29800 | Shoals:4 | Identified the +4 battleaxe of Uddiocuc {pain, rPois}
 30059 | Shoals:4 | Noticed a sphinx
 30065 | Shoals:4 | Killed a sphinx
 30239 | Shoals:4 | Noticed a sphinx
 30240 | Shoals:4 | Reached XP level 18. HP: 96/158 MP: 0/0
 30282 | Shoals:4 | Noticed a kraken
 30287 | Shoals:4 | Killed a kraken
 30506 | Shoals:4 | Identified the ring of the Failed Coup {Wiz Int+6 Dex+3
                  | Slay-4}
 30636 | Shoals:4 | Identified the +6 quarterstaff of the Scorpion {drain,
                  | rElec Int+6 Stlth-}
 30636 | Shoals:4 | Identified the ring "Poz Zim" {rPois rN+ Int+3}
 30802 | Shoals:4 | Got a barnacled rune of Zot
 31102 | Snake:1  | Entered Level 1 of the Snake Pit
 31868 | Snake:1  | Found an iron altar of Okawaru.
 32182 | Snake:2  | Reached skill level 18 in Spellcasting
 32625 | Snake:2  | Found Tushem's Weapon Shoppe.
 32933 | Snake:3  | Noticed Vashnia
 33064 | Snake:3  | Killed Vashnia
 33294 | Snake:3  | Noticed Mara
 33304 | Snake:3  | Noticed RascalDebosk's illusion
 33305 | Snake:3  | Killed Mara
 33306 | Snake:3  | Reached XP level 19. HP: 91/157 MP: 0/0
 33306 | Snake:3  | Learned a level 7 spell: Haunt
 33306 | Snake:3  | Noticed Aizul
 33312 | Snake:3  | Killed Aizul
 33940 | Snake:4  | Entered Level 4 of the Snake Pit
 34092 | Snake:4  | Noticed Saint Roka
 34103 | Snake:4  | Reached skill level 10 in Shields
 34106 | Snake:4  | HP: 5/158 [nagaraja/+0 spear (9)]
 34464 | Snake:4  | Reached skill level 19 in Spellcasting
 34592 | Snake:4  | Killed Saint Roka
 34879 | Snake:4  | Reached XP level 20. HP: 78/166 MP: 0/0
 35017 | Snake:4  | Got a serpentine rune of Zot
 35582 | D:14     | Found a gate to the Vaults.
 35720 | D:14     | Noticed Lodul
 35723 | D:14     | Killed Lodul
 36071 | D:15     | Entered Level 15 of the Dungeon
 36704 | D:15     | Found a staircase to the Depths.
 36899 | Vaults:1 | Entered Level 1 of the Vaults
 37039 | Vaults:1 | Noticed Asterion
 37047 | Vaults:1 | Killed Asterion
 37231 | Vaults:1 | Found the +5 demon whip "Spellbinder" {antimagic, Will+}
 37539 | Vaults:1 | Found Paunuul's Antique Armour Shop.
 37622 | Vaults:1 | Noticed Donald
 37635 | Vaults:1 | Killed Donald
 38585 | Vaults:2 | Reached skill level 20 in Spellcasting
 38618 | Vaults:2 | Reached skill level 10 in Dodging
 38877 | Vaults:2 | Reached XP level 21. HP: 138/175 MP: 0/0
 38877 | Vaults:2 | Learned a level 8 spell: Lehudib's Crystal Spear
 38996 | Vaults:2 | Found Exkomef's Armour Shoppe.
 39114 | Vaults:2 | Noticed Agnes
 39120 | Vaults:2 | Killed Agnes
 39124 | Vaults:2 | Noticed Sojobo
 39127 | Vaults:2 | Killed Sojobo
 39407 | Vaults:2 | Paralysed by a sphinx for 2 turns
 39663 | Vaults:2 | Found a staircase to the Crypt.
 39965 | Vaults:3 | Found a magical portal.
 39974 | WizLab   | Entered Cigotuvi's Fleshworks
 40390 | WizLab   | Found the -2 hat of the Alchemist {rElec rPois rF+ rC+ rN+
                  | Will+ rMut rCorr}
 40394 | WizLab   | Paralysed by a floating eye for 4 turns
 40430 | WizLab   | Identified Cigotuvi's Essays on Mortuary Metamorphosis
 40430 | WizLab   | Identified Syafuos's Lessons on Sculpting
 40462 | WizLab   | Identified the Vademecum on Shapes
 40664 | Vaults:3 | Reached XP level 22. HP: 141/187 MP: 0/0
 40832 | Vaults:3 | Reached skill level 21 in Spellcasting
 41947 | Vaults:4 | Identified the +1 chain mail of Geliokor {Contam +Blink
                  | Str+4 Int+4}
 43115 | Vaults:5 | Entered Level 5 of the Vaults
 43176 | Vaults:4 | Reached XP level 23. HP: 110/196 MP: 0/0
 43176 | Vaults:4 | Learned a level 8 spell: Maxwell's Capacitive Coupling
 43245 | Vaults:5 | Paralysed by a floating eye for 4 turns
 43247 | Vaults:5 | HP: 4/196 [vault guard/+0 great sword (12)]
 43247 | Vaults:5 | Mangled by a vault guard

Illustrated notes

Levels and vault maps discovered:
D:1:      dpeg_arrival_lava_temple_mockup, layout_loops_ring,
          minmay_tetromino_l2
D:2:      layout_loops_ring, uniq_terence
D:3:      layout_basic
D:4:      wad_woods_stonehenge, layout_basic, serial_shops, shop, uniq_menkaure
D:5:      layout_layer_cave, grunt_temple_overflow_bloody_war
D:6:      layout_layer_cave, nicolae_vehumet_radiance,
          minmay_temple_entry_overgrown, uniq_maggie, uniq_duvessa, uniq_grinder
D:7:      layout_basic, uniq_joseph
D:8:      layout_cave_pools, yredelemnul_forgotten_temple_becter,
          serial_gnoll_camp, gnoll_camp_mini_shop, gnoll_camp_mini_shop,
          gnoll_camp_mini_loothouse, gnoll_camp_mini_house, gnoll_camp_mini_hut,
          gnoll_camp_mini_hut, dreamdust_wishing_well, corexii_corridor_pit
D:9:      layout_long_grid, laboratory
D:10:     layout_irregular_city, lemuel_crystal_altar,
          minmay_orc_entry_temple_small, nicolae_concentric_dashed_squares_mild,
          corner_web_ring
D:11:     layout_irregular_city, david_lair_generic, serial_glass,
          glass_columns_b, glass_columns_c, hangedman_decor_points
D:12:     layout_long_grid, evilmike_minifort, uniq_rupert
D:13:     layout_basic
D:14:     layout_rooms, erik_vaults_1, chequers_jeans, uniq_lodul
D:15:     gammafunk_enter_depths_forms, layout_loops_ring, serial_ice,
          serial_ice_l, serial_ice_n, serial_ice_o, serial_ice_c, serial_ice_m,
          serial_ice_b, serial_ice_h, serial_ice_e, serial_ice_d, serial_ice_g,
          hangedman_decor_push
Temple:   sentei_temple_godly_chess
Lair:1:   layout_gridlike, portal_ice_cave_entry_ice_simulacra,
          beast_lair_carwin_2
Lair:2:   layout_cave_pods, minmay_shoals_entry_hut, dummy_snake_entry,
          gammafunk_ghost_wrathful_warriors, roderic_batcave,
          hibernation_bobbens, serial_bayou_shore_b, lemuel_fruit_tree,
          uniq_urug, uniq_fannar
Lair:3:   layout_chaotic_city, kilobyte_rumbling_trees, grunt_megastairs_1
Lair:4:   layout_concentric_octagons, gauntlet_entry_generic,
          bobbens_ice_dragon_lair, uniq_nessos
Lair:5:   gammafunk_lair_ancient_temple, layout_gridlike,
          minmay_slime_entry_oklob_enclosed
Shoals:1: layout_shoals, serial_shops, nicolae_shop_hallway_plus,
          nicolae_shop_advertising_works [nicolae_subvault_shop_adworks],
          nicolae_shoals_spring_well_temple, uniq_jorgrun
Shoals:2: layout_shoals, gammafunk_ghost_tricky_traps, uniq_polyphemus
Shoals:3: layout_shoals, nicolae_shoals_beach_cooler, uniq_bai_suzhen
Shoals:4: shoals_end_hellmonk_lost_city
Snake:1:  layout_grid_maze, basic_altar
Snake:2:  layout_misc_corridors, serial_shops,
          nicolae_shop_temple_entry_statues_fountains
Snake:3:  layout_misc_corridors, uniq_mara, uniq_aizul, uniq_vashnia
Snake:4:  snake_hunt, layout_cave_town, grunt_ministairs_4, drop_trap,
          uniq_saint_roka
Orc:1:    layout_diamond_mine, basic_altar, uniq_erica, uniq_josephine
Orc:2:    st_orc_mages, layout_diamond_mine, serial_shops,
          nicolae_shop_statue_plus, mines2_lemuel
Vaults:1: v_pattern_1, hangedman_vaults_cutoff, v_misc_22,
          ontoclasm_vaults_hangar, vaults_room_hallway, ontoclasm_vaults_twist,
          nicolae_vaults_little_squares_5, ontoclasm_vaults_gateway,
          ontoclasm_vaults_idyll, nicolae_vaults_theta, v_misc_5,
          layout_vaults_omnigrid, serial_shops, nicolae_shop_overgrown_old_shop,
          uniq_donald, uniq_asterion
Vaults:2: vaults_room_grunt_arrival_ludios, v_rooms_6, ontoclasm_vaults_pinch,
          nicolae_vaults_what_the_h, sword_in_stone, hangedman_vaults_slice,
          hangedman_vaults_river_flow, minmay_crypt_entry_simple_round,
          nicolae_vaults_network_s, nicolae_vaults_little_squares_1,
          layout_vaults_omnibox, serial_shops, nicolae_shop_statue_plus
Vaults:3: mu_enter_wizlab_6, vaults_room_fours,
          nicolae_vaults_stairing_the_circle, ontoclasm_vaults_misaligned,
          v_alt_pattern_4, hangedman_vaults_hat, v_misc_19,
          hangedman_vaults_locks, v_rooms_6, hangedman_vaults_stagger,
          nicolae_vaults_little_squares_4, vaults_room_pools,
          vaults_room_semicircle, layout_vaults_omnicross
Vaults:4: hangedman_vaults_unwind, v_misc_14, v_alt_pattern_4,
          ontoclasm_vaults_misaligned, nicolae_vaults_arrows,
          vaults_room_ringed_pool, hangedman_vaults_maws, v_misc_30,
          grunt_vaults_hallway_long, nicolae_vaults_mini_display_case,
          layout_vaults_chaotic_city, uniq_margery
Vaults:5

Skill      XL: |  1  2  3  4  5  6  7  8  9 10 11 12 13 14 15 16 17 18 19 20 21 22 |
---------------+-------------------------------------------------------------------+-----
Spellcasting   | 4 5 6 7 8 9 10 12 13 14 15 16 17 18 19 20 21 | 21.7
Fighting       | 1 2 3 4 6 7 8 10 11 12 13 14 15 16 17 18 19 | 19.6
Evocations     | 1 2 3 4 5 7 |  7.8
Dodging        | 4 5 6 8 9 10 12 | 12.1
Long Blades    | 2 3 |  3.2
Short Blades   | 3 5 7 |  7.9
Armour         | 1 3 |  3.2
Shields        | 4 7 9 10 11 | 11.6
Stealth        | |  1.5

Action                   |  1- 3 |  4- 6 |  7- 9 | 10-12 | 13-15 | 16-18 | 19-21 | 22-24 || total
-------------------------+-------+-------+-------+-------+-------+-------+-------+-------++-------
Melee: Falchion          |       |     8 |     1 |       |       |       |       |       ||     9
       Short sword       |       |       |     9 |       |       |       |       |       ||     9
       Great sword       |       |       |       |     2 |       |       |       |       ||     2
       Dagger            |       |       |       |     4 |    54 |    65 |    29 |    16 ||   168
       Punch             |       |       |       |       |     1 |       |       |       ||     1
 Cast: Magic Dart        |    35 |    76 |    34 |    88 |    27 |    29 |     1 |       ||   290
       Necrotise         |     4 |     3 |    12 |       |     1 |       |       |       ||    20
       Searing Ray       |     1 |     6 |    16 |    42 |    41 |    34 |     2 |       ||   142
       Iskenderun's Myst |       |     8 |    20 |    75 |    71 |    76 |    57 |     7 ||   314
       Fulminant Prism   |       |     4 |    25 |    40 |    39 |    24 |     5 |       ||   137
       Call Imp          |       |       |     2 |       |       |       |       |       ||     2
       Call Canine Famil |       |       |     1 |     3 |     9 |     6 |     2 |       ||    21
       Lee's Rapid Decon |       |       |       |    34 |   310 |   164 |   241 |    51 ||   800
       Metabolic Englaci |       |       |       |       |     7 |     6 |     3 |       ||    16
       Dazzling Flash    |       |       |       |       |     7 |       |       |       ||     7
       Death Channel     |       |       |       |       |     1 |    35 |    36 |    16 ||    88
       Orb of Destructio |       |       |       |       |       |    84 |   135 |    14 ||   233
       Haunt             |       |       |       |       |       |       |    13 |     5 ||    18
       Lehudib's Crystal |       |       |       |       |       |       |    62 |    60 ||   122
Invok: Curse Item        |       |       |       |     3 |     4 |     1 |     1 |     1 ||    10
       Shatter the Chain |       |       |       |       |     1 |     2 |       |     1 ||     4
Evoke: Wand              |       |       |     1 |       |       |     1 |       |       ||     2
  Use: Scroll            |       |     1 |     9 |     7 |     4 |     7 |     6 |     1 ||    35
       Potion            |       |       |       |     3 |     2 |     5 |    15 |       ||    25
 Stab: Sleeping          |       |     1 |     1 |       |       |       |       |       ||     2
       Distracted        |       |       |       |       |       |       |     1 |       ||     1
Armor: Robe              |     1 |     4 |     6 |     9 |       |       |       |       ||    20
       Ring mail         |       |       |       |    26 |    58 |    50 |       |       ||   134
       Troll leather arm |       |       |       |     2 |       |     8 |    24 |     8 ||    42
Dodge: Dodged            |       |    11 |    27 |    52 |    93 |   103 |    83 |    37 ||   406
Block: Other             |       |       |       |     1 |    36 |     4 |       |       ||    41
       Reflection        |       |       |       |       |     6 |    37 |    42 |    18 ||   103
       Kite shield       |       |       |       |       |       |   181 |   159 |    58 ||   398

Table legend: (Time is in decaauts)
 A = Elapsed time spent in this place.
 B = Non-inter-level travel time spent in this place.
 C = Inter-level travel time spent in this place.
 D = Time resting spent in this place.
 E = Time spent auto-exploring this place.
 F = Levels seen in this place.
 G = Mean time per level.
                   A        B        C        D        E       F      G
               +--------+--------+--------+--------+--------+-----+--------+
         Total |  43188 |  41046 |   2142 |   8125 |  21905 |  39 | 1107.4 |
       Dungeon |  17178 |  15980 |   1198 |   2656 |  10715 |  15 | 1145.2 |
        Temple |      8 |      8 |      0 |      0 |      0 |   1 |    8.0 |
          Lair |   7597 |   7038 |    559 |   1256 |   4645 |   5 | 1519.4 |
        Shoals |   4501 |   4404 |     97 |   1755 |    758 |   4 | 1125.2 |
     Snake Pit |   4269 |   4105 |    164 |    505 |   2054 |   4 | 1067.2 |
  Orcish Mines |   2390 |   2345 |     45 |   1023 |    873 |   2 | 1195.0 |
        Vaults |   5683 |   5606 |     77 |    535 |   2571 |   5 | 1136.6 |
      Ice Cave |    429 |    429 |      0 |    363 |      0 |   1 |  429.0 |
        Wizlab |    651 |    651 |      0 |      0 |    137 |   1 |  651.0 |
      Gauntlet |    477 |    477 |      0 |     32 |    152 |   1 |  477.0 |
               +--------+--------+--------+--------+--------+-----+--------+

Top non-repeatable levels by time:
     D:5: 1980 daAuts
  Lair:4: 1799 daAuts
Vaults:4: 1747 daAuts
     D:9: 1722 daAuts
Shoals:1: 1655 daAuts
  Lair:3: 1597 daAuts
  Lair:2: 1569 daAuts
Vaults:1: 1566 daAuts
     D:7: 1537 daAuts
  Lair:5: 1490 daAuts
    D:10: 1446 daAuts
    D:12: 1402 daAuts
     D:8: 1378 daAuts
Vaults:2: 1369 daAuts
 Snake:4: 1368 daAuts
